 Dungeon Crawl Stone Soup version 0.17-a0-1078-g243345b (webtiles) character file.

26128 VikTorMgn the Fencer (level 13, 0/98 HPs)
             Began as a Formicid Fighter on May 19, 2015.
             Was the Champion of Cheibriados.
             Slain by a nine-headed hydra (4 damage)
             ... on level 2 of the Lair of Beasts.
             The game lasted 00:48:24 (18429 turns).

VikTorMgn the Fencer (Formicid Fighter)            Turns: 18429, Time: 00:48:26

Health: 0/98       AC: 12    Str: 35    XL:     13   Next: 55%
Magic:  9/17       EV: 16    Int: 25    God:    Cheibriados [******]
Gold:   836        SH: 15    Dex: 29    Spells: 0 memorised, 12 levels left

rFire  . . .     SeeInvis +     L - +2 falchion (slice)
rCold  + . .     Clarity  .     b - +0 scale mail
rNeg   . . .     SustAb   .     c - +0 shield
rPois  .         Gourm    .     (helmet unavailable)
rElec  .         Spirit   .     D - +0 cloak
rCorr  .         Warding  .     p - +2 pair of gloves
rMut   +         Stasis   +     (no boots)
MR     +....                    u - amulet of resist mutation
Stlth  +.........               (no ring)
                                z - ring of protection from cold

@: drained, very slow, somewhat resistant to hostile enchantments, very
unstealthy
A: permanent stasis, dig shafts and tunnels, four strong arms, antennae 3
a: Dig, Shaft Self, Bend Time, Temporal Distortion, Slouch, Step From Time,
Renounce Religion


You were on level 2 of the Lair of Beasts.
You worshipped Cheibriados.
Cheibriados was exalted by your worship.
You were hungry.

You visited 3 branches of the dungeon, and saw 14 of its levels.
You also visited: Sewer.

You collected 836 gold pieces.

Inventory:

Hand weapons
 g - a +1 scimitar of holy wrath
 I - a +0 blowgun
 L - a +2 falchion of slicing (weapon)
Missiles
 S - 6 poisoned needles
Armour
 b - a +0 scale mail (worn)
 c - a +0 shield (worn)
 p - a +2 pair of gloves (worn)
 D - a +0 cloak (worn)
Rods
 A - a +0 lightning rod (12/12)
   (You found it on level 5 of the Dungeon)
Jewellery
 e - an uncursed ring of ice
 u - an amulet of resist mutation (around neck)
 z - a ring of protection from cold (left hand)
Magical devices
 a - a wand of digging (20)
 f - a wand of fireball (15)
 q - a wand of paralysis (3)
Scrolls
 d - 2 scrolls of identify
 k - a scroll of remove curse
 l - 2 scrolls of amnesia
 s - 3 scrolls of fog
 v - 8 scrolls of fear
 C - a scroll of silence
 E - a scroll of enchant armour {unknown}
 M - 2 scrolls of noise
 Q - a scroll of recharging
 R - a scroll of random uselessness {unknown}
 T - a scroll of torment {unknown}
 U - a scroll of brand weapon
 V - a scroll of immolation
 Y - a scroll of magic mapping {unknown}
Potions
 i - a potion of magic
 o - 3 potions of flight
 r - a potion of lignification {unknown}
 x - 2 potions of degeneration {unknown}
 K - a potion of resistance
 N - 2 potions of brilliance
Comestibles
 h - 5 chunks of flesh
 j - 8 bread rations
 m - 8 meat rations
 n - a royal jelly
 w - 6 beef jerkies
 O - 9 slices of pizza


   Skills:
 * Level 7.9(7.0) Fighting
 * Level 15.4(14.4) Long Blades
 * Level 8.7(7.8) Armour
 * Level 6.1(5.2) Dodging
 * Level 9.8(8.9) Shields
 * Level 6.3(5.5) Invocations
 + Level 1.4(0.7) Evocations


You had 12 spell levels left.
You didn't know any spells.

Dungeon Overview and Level Annotations

Branches:
Dungeon (11/15)            Temple (1/1) D:5            Lair (2/8) D:10
    Orc: D:9-12

Altars:
Ashenzari
Cheibriados
Dithmenos
Elyvilon
Fedhas
Gozag
Kikubaaqudgha
Makhleb
Nemelex Xobeh
Okawaru
Qazlal
Ru
Sif Muna
Trog
Vehumet
Xom
Yredelemnul
Zin
The Shining One

Shops:
D:6 ?

Annotations:
D:11 4 runed doors


Innate Abilities, Weirdness & Mutations

You are under a permanent stasis effect.
You can dig through walls and to a lower floor.
Your four strong arms can wield two-handed weapons with a shield.
You have a pair of large antennae on your head (SInv).


Message History

The nine-headed hydra bites you.
* * * LOW HITPOINT WARNING * * *
You block the nine-headed hydra's attack. x2
The nine-headed hydra bites you.
* * * LOW HITPOINT WARNING * * *
The nine-headed hydra misses you. x2
Quiver which item? (- for none, * to show all) (? for menu, Esc to quit)
Okay, then.
Evoke which item? (* to show all) (? for menu, Esc to quit)
Zapping:
q - a wand of paralysis {zapped: 8} (will waste charges)
Press: ? - help, Shift-Dir - straight line, f/p - nine-headed hydra
Aim: a nine-headed hydra (lightly wounded, chance to defeat MR: 16%)
The nine-headed hydra resists with almost no effort.
Evoking this partially-identified wand wasted a few charges.
You block the nine-headed hydra's attack.
The nine-headed hydra bites you but does no damage.
You block the nine-headed hydra's attack.
The nine-headed hydra bites you but does no damage.
The nine-headed hydra bites you.
You die...

### ..###. ##.... #....#
#..#.## ## ###.P..###
#.#P. #######.#....#.###
.....<#..##.#.#.........
.......@(..........##...
.<...>D#.##.P...#..###P.
...P..######...P#...##..
#..... ....(....#...#.
#..## ###............ ..
###..P#.##P.# .
#..##.##### #..# ## #.
).# ##.


You could see a nine-headed hydra.

Vanquished Creatures
  The ghost of RobertPalmer the Carver, a powerful NaCK of Xom (Lair:1)
  A hydra (D:11)
  A centaur warrior (D:11)
  Urug (D:10)
  The ghost of asdu the Bringer of Life, an experienced NaWn of Elyvilon (Lair:1)
  Nergalle (Lair:2)
  2 unseen horrors (D:10)
  2 hill giants
  An ugly thing (D:11)
  An oklob plant (D:8)
  The ghost of Tpoe the Basher, an experienced OgFi (D:4)
  Maurice (D:9)
  A gargoyle (D:11)
  5 spiny frogs (Lair:1)
  A kobold demonologist (D:9)
  3 trolls
  A komodo dragon (Lair:1)
  3 blink frogs (Lair:2)
  2 spectral orcs (Lair:2)
  Sigmund (D:2)
  A human (D:7)
  A deep elf mage (D:11)
  2 hungry ghosts (D:11)
  2 wraiths
  A deep elf fighter (D:10)
  A basilisk (Lair:2)
  2 wyverns
  27 yaks
  8 hippogriffs
  A hog (D:7)
  6 water moccasins
  4 porcupines
  2 ice beasts
  7 sky beasts
  A black bear (D:6)
  2 orc warriors
  3 phantoms
  9 ogres
  3 big kobolds
  A necrophage (D:8)
  8 centaurs
  A wasp (D:10)
  8 crocodiles
  Blork the orc (D:4)
  12 giant frogs
  A gnoll sergeant (D:11)
  2 wyvern skeletons
  3 scorpions
  A wight (D:11)
  3 hounds
  6 crimson imps
  A giant frog zombie (D:9)
  3 jellies
  3 centaur skeletons
  8 orc priests
  6 iguanas
  11 orc wizards
  3 giant frog skeletons
  Natasha (thrice) (D:4)
  4 worker ants
  3 sheep (D:7)
  4 hound skeletons
  A worker ant zombie (D:7)
  23 adders
  6 gnolls
  3 shadow imps
  27 river rats
  4 oozes
  An adder zombie (D:9)
  6 worms
  3 adder skeletons
  8 giant geckos
  49 orcs
  A bat skeleton (D:8)
  2 gnoll zombies (D:2)
  20 hobgoblins
  8 jackals
  4 quokkas
  3 ball pythons
  27 bats
  11 giant cockroaches
  A giant gecko skeleton (D:4)
  4 giant newts
  11 goblins
  27 kobolds
  A quokka zombie (D:6)
  29 rats
490 creatures vanquished.

Vanquished Creatures (others)
  A fungus (Lair:1)
  A plant (D:10)
2 creatures vanquished.

Grand Total: 492 creatures vanquished

Notes
Turn   | Place    | Note
--------------------------------------------------------------
     0 | D:1      | VikTorMgn the Formicid Fighter began the quest for the Orb.
     0 | D:1      | Reached XP level 1. HP: 18/18 MP: 1/1
   179 | D:1      | Reached XP level 2. HP: 21/24 MP: 2/2
   601 | D:2      | Noticed Sigmund
   639 | D:2      | Killed Sigmund
   639 | D:2      | Reached skill level 5 in Long Blades
   639 | D:2      | Reached XP level 3. HP: 27/29 MP: 3/3
   639 | D:2      | Reached XP level 4. HP: 32/35 MP: 4/4
   639 | D:2      | Reached XP level 5. HP: 37/41 MP: 5/5
   882 | D:2      | Reached XP level 6. HP: 42/47 MP: 6/6
  1137 | D:2      | Reached skill level 6 in Long Blades
  1175 | D:2      | Found a shattered altar of Ashenzari.
  1302 | D:2      | Found a basalt altar of Yredelemnul.
  2750 | D:4      | Noticed Natasha
  2760 | D:4      | Killed Natasha
  2980 | D:4      | Found a glowing drain.
  3008 | Sewer    | Entered a sewer
  3022 | Sewer    | Reached XP level 7. HP: 47/52 MP: 7/7
  3137 | Sewer    | Reached skill level 7 in Long Blades
  3523 | D:4      | Noticed Natasha
  3543 | D:4      | Found a glowing golden altar of the Shining One.
  3608 | D:4      | Found an ancient bone altar of Kikubaaqudgha.
  3617 | D:4      | Killed Natasha
  3806 | D:4      | Noticed Tpoe's ghost (experienced OgFi)
  3908 | D:4      | Noticed Natasha
  3912 | D:4      | Killed Natasha
  4197 | D:3      | Reached skill level 8 in Long Blades
  4420 | D:4      | Killed Tpoe's ghost
  4420 | D:4      | Reached skill level 9 in Long Blades
  4420 | D:4      | Reached XP level 8. HP: 30/58 MP: 8/8
  4737 | D:4      | Noticed Blork the orc
  4760 | D:4      | Killed Blork the orc
  5269 | D:5      | Entered Level 5 of the Dungeon
  5545 | D:5      | Found an iron altar of Okawaru.
  5600 | D:5      | Found a staircase to the Ecumenical Temple.
  5605 | Temple   | Entered the Ecumenical Temple
  5734 | D:5      | Reached skill level 10 in Long Blades
  6226 | D:5      | Reached XP level 9. HP: 33/64 MP: 9/9
  6500 | D:5      | Found a snail-covered altar of Cheibriados.
  6521 | D:5      | Became a worshipper of Cheibriados the Contemplative
  6734 | D:6      | Found a shadowy altar of Dithmenos.
  6828 | D:6      | Reached skill level 11 in Long Blades
  6841 | D:6      | Found a white marble altar of Elyvilon.
  7003 | D:6      | Found a blossoming altar of Fedhas.
  7154 | D:6      | Acquired Cheibriados's first power
  7512 | D:6      | Reached skill level 12 in Long Blades
  7566 | D:6      | Found Joehukk's Magic Scroll Shop.
  8174 | D:7      | Reached XP level 10. HP: 70/70 MP: 10/10
  8306 | D:7      | Reached skill level 13 in Long Blades
  8312 | D:7      | Acquired Cheibriados's second power
  9013 | D:7      | Reached skill level 1 in Invocations
  9369 | D:8      | Noticed an oklob plant
  9409 | D:8      | Acquired Cheibriados's third power
  9601 | D:8      | Found a burning altar of Makhleb.
  9978 | D:8      | Killed an oklob plant
 10276 | D:9      | Reached skill level 1 in Dodging
 10303 | D:9      | Reached skill level 1 in Evocations
 10608 | D:9      | Reached skill level 14 in Long Blades
 10611 | D:9      | Reached XP level 11. HP: 45/78 MP: 12/12
 10762 | D:9      | Found a radiant altar of Vehumet.
 10794 | D:9      | Acquired Cheibriados's fourth power
 10872 | D:9      | Reached skill level 5 in Armour
 11033 | D:9      | Noticed Maurice
 11050 | D:9      | Killed Maurice
 11050 | D:9      | Reached skill level 5 in Shields
 11225 | D:9      | Found a sparkling altar of Nemelex Xobeh.
 11268 | D:9      | Reached skill level 5 in Fighting
 11507 | D:9      | Found a stormy altar of Qazlal.
 11624 | D:9      | Found an opulent altar of Gozag.
 11931 | D:10     | Entered Level 10 of the Dungeon
 11931 | D:10     | Noticed an unseen horror
 11954 | D:10     | Killed an unseen horror
 12170 | D:10     | Noticed Urug
 12219 | D:10     | Killed Urug
 12538 | D:10     | Noticed an unseen horror
 12550 | D:10     | Killed an unseen horror
 12868 | D:10     | Found a staircase to the Lair.
 12957 | D:10     | Reached XP level 12. HP: 60/87 MP: 15/15
 13396 | D:10     | Noticed a hill giant
 13410 | D:10     | Killed a hill giant
 13808 | D:11     | Found a large runed door.
 13808 | D:11     | Found a large runed door.
 13837 | D:11     | Noticed a centaur warrior
 13850 | D:11     | Killed a centaur warrior
 14882 | D:11     | Found a large runed door.
 14882 | D:11     | Found a large runed door.
 14940 | D:11     | Reached skill level 5 in Invocations
 15207 | D:11     | Noticed an eight-headed hydra
 15215 | D:11     | Killed a nine-headed hydra
 15661 | D:11     | Reached skill level 5 in Dodging
 15804 | D:11     | Reached skill level 15 in Long Blades
 15976 | Lair:1   | Entered Level 1 of the Lair of Beasts
 16134 | Lair:1   | Reached XP level 13. HP: 96/96 MP: 17/17
 16454 | Lair:1   | Noticed asdu's ghost (experienced NaWn)
 16483 | Lair:1   | Killed asdu's ghost
 16788 | Lair:1   | Noticed RobertPalmer's ghost (powerful NaCK)
 16819 | Lair:1   | Killed RobertPalmer's ghost
 18175 | Lair:2   | Noticed Nergalle
 18262 | Lair:2   | Killed Nergalle
 18428 | Lair:2   | HP: 4/98 [nine-headed hydra (1)]
 18429 | Lair:2   | Slain by a nine-headed hydra

Vault maps used:
D:1:      saegor_arrival_simple_f, hex_large
D:2:      overflow_temple_1_default, lemuel_zombie_altar_yredelemnul,
          st_stairs_12, uniq_sigmund
D:3:      first_bread
D:4:      lemuel_doored_altar, kiku_gazebo_pond_becter, gup_sewer_entry_pipe,
          uniq_natasha, uniq_blork_the_orc
D:5:      cheibrodos_worm_habitat, lemuel_crystal_altar,
          minmay_temple_entry_crystal_x
D:6:      elyvilon_altar_5, kennysheep_mini, kennysheep_little_box,
          serial_shops, nicolae_shop_waterfront, minmay_joined_circles
D:7:      grunt_livestock
D:8:      lemuel_oklob_altar
D:9:      grunt_qazlal_sundering, lemuel_crystal_altar, vehumet_crystals,
          lemuel_crystal_altar, uniq_maurice
D:10:     grunt_lair_entry_elf_guard_hut, uniq_urug
D:11:     minmay_hollow_rounded_squares
Temple:   circular_temple_6
Lair:1:   st_stairs_3
Lair:2:   uniq_nergalle
Sewer:    sewer_co_15_rooms

Action                   |  1- 3 |  4- 6 |  7- 9 | 10-12 | 13-15 || total
-------------------------+-------+-------+-------+-------+-------++-------
Melee: Long sword        |    59 |   261 |   548 |       |       ||   868
       Unarmed           |     1 |       |       |       |       ||     1
       Falchion          |       |       |    33 |   896 |   406 ||  1335
 Fire: Blowgun           |       |       |       |    10 |       ||    10
Invok: Bend Time         |       |       |       |    14 |     6 ||    20
       Temporal Distorti |       |       |       |     2 |       ||     2
 Abil: Dig               |       |       |     2 |     3 |     3 ||     8
Evoke: Wand              |       |       |       |    10 |     4 ||    14
       Rod               |       |       |       |     5 |       ||     5
  Use: Potion            |     1 |       |     4 |     5 |     4 ||    14
       Scroll            |       |     4 |     6 |     5 |     7 ||    22
 Stab: Distracted        |       |       |       |     1 |       ||     1
  Eat: Chunk             |       |     3 |    15 |    13 |     2 ||    33
       Bread ration      |       |     1 |       |       |       ||     1
       Fruit             |       |       |     1 |     3 |       ||     4
       Royal jelly       |       |       |       |       |     1 ||     1
